 Dungeon Crawl Stone Soup version 0.30-a0-743-gbfdf073431 (webtiles) character file.

Game seed: 11963261155424917267

656 kingofthe the Sneak (level 7, -1/41 HPs)
             Began as an Octopode Conjurer on Feb 5, 2023.
             Slain by an orc priest
             ... wielding a +0 hand axe
              (6 damage)
             ... on level 5 of the Dungeon.
             The game lasted 00:12:44 (5581 turns).

kingofthe the Sneak (Octopode Conjurer)             Turns: 5581, Time: 00:12:45

Health: -1/41      AC:  1    Str: 12    XL:     7   Next: 55%
Magic:  10/13      EV: 14    Int: 21    God:
Gold:   118        SH:  0    Dex: 12    Spells: 12/15 levels left

rFire   . . .      SeeInvis .    d - +0 dagger
rCold   . . .      Faith    .    (no shield)
rNeg    . . .      Spirit   .    (helmet restricted)
rPois   .          Reflect  .    (no amulet)
rElec   .          Harm     .    c - ring of flight
rCorr   .          Rampage  .    v - +6 ring of strength
Will    .....                    (no ring)
Stlth   ++++                     (no ring)
HPRegen 0.26/turn                (no ring)
MPRegen 0.13/turn                (no ring)
                                 (no ring)
                                 (no ring)

@: mighty, lethally poisoned (-1 -> -9), about to teleport, flying, studying Ice
Magic
A: almost no armour, amphibious, 8 rings, camouflage 1, gelatinous body 1,
(nimble swimmer 1), tentacles
a: no special abilities


You were on level 5 of the Dungeon.
You visited 1 branch of the dungeon, and saw 5 of its levels.

You collected 178 gold pieces.
You spent 60 gold pieces at shops.

Inventory:

Hand Weapons
 d - a +0 dagger (weapon)
Missiles
 t - a throwing net
Jewellery
 c - a ring of flight (left tentacle)
 v - a +6 ring of strength (right tentacle)
Scrolls
 g - 2 scrolls of magic mapping {unknown}
 h - a scroll of immolation {unknown}
 l - a scroll of teleportation
 m - 3 scrolls of enchant armour
 n - 3 scrolls of identify
 r - a scroll of silence {unknown}
 s - a scroll of enchant weapon {unknown}
 w - a scroll of poison {unknown}
Potions
 a - a potion of magic
 b - a potion of mutation {unknown}
 e - a potion of might
 f - a potion of resistance
 i - a potion of flight
 j - a potion of curing {unknown}
 k - a potion of heal wounds
 o - a potion of lignification {unknown}
 p - a potion of brilliance {unknown}
 q - a potion of invisibility {unknown}
 u - a potion of degeneration {unknown}


   Skills:
 * Level 4.9 Dodging
 + Level 5.2 Stealth
 * Level 4.6 Spellcasting
 + Level 5.1 Conjurations


You had 12 spell levels left.
You knew the following spells:

 Your Spells              Type           Power      Damage    Failure   Level
a - Magic Dart            Conj           100%       1d8       1%          1
b - Searing Ray           Conj           52%        2d6       1%          2

Your spell library contained the following spells:

 Spells                   Type           Power      Damage    Failure   Level
 Beastly Appendage        Tmut           8%         N/A       12%         1
 Summon Small Mammal      Summ           16%        N/A       12%         1
 Dazzling Flash           Conj/Hex       30%        N/A       12%         3
 Wereblood                Tmut           4%         N/A       17%         2
 Call Canine Familiar     Summ           4%         N/A       34%         3
 Frozen Ramparts          Ice            8%         1d2       34%         3
 Spider Form              Tmut/Pois      4%         N/A       34%         3
 Summon Guardian Golem    Hex/Summ       4%         N/A       34%         3
 Fulminant Prism          Conj/Hex       7%         3d7       36%         4
 Iskenderun's Mystic Bla  Conj/Tloc      15%        2d5       36%         4
 Ice Form                 Ice/Tmut       4%         N/A       75%         4
 Summon Ice Beast         Ice/Summ       4%         N/A       75%         4


Dungeon Overview and Level Annotations

Branches:
Dungeon (5/15)
 Temple: D:4-7

Altars:
Gozag
Xom

Shops:
D:1 !

Annotations:
D:2 1 runed translucent door, Crazy Yiuf


Innate Abilities, Weirdness & Mutations

You cannot wear most types of armour.
You are amphibious.
You can wear up to eight rings at the same time.
Your skin changes colour to match your surroundings (Stealth+).
Your rubbery body absorbs attacks. (AC +1, EV +1)
((You are camouflaged when in or above water. (Stealth+)))
You have tentacles for arms and can constrict up to eight enemies at once.


Message History

You are lethally poisoned!
* * * LOW HITPOINT WARNING * * *
You feel sick.
It was a potion of flight.
You feel more buoyant.
* * * LOW HITPOINT WARNING * * *
You feel sick.
You feel much better.
You feel sick. Something hits you.
You are more poisoned.
It was a potion of might.
You feel very mighty all of a sudden.
You feel very sick.
The orc priest hits you with a +0 hand axe.
* * * LOW HITPOINT WARNING * * *
Something barely misses you. What are your orders? t - Shout!
Orders for allies: a - Attack new target. r - Retreat! s - Stop attacking. g - Guard the area. f - Follow me.
Anything else - Cancel.
Retreat in which direction?
Press: ? - help, Dir - move target, f - you
Okay, then.
As you read the scroll labelled SEFRIUSTRY XECA, it crumbles to dust.
It is a scroll of identify.
m - 3 scrolls of enchant armour
* * * LOW HITPOINT WARNING * * *
You feel very sick.
You hear some strange, mumbled words.
Something tries to affect you, but you resist.
The orc priest hits you with a +0 hand axe.
* * * LOW HITPOINT WARNING * * *
Okay, then.
As you read the scroll labelled JOEFUI ZIETOSM, it crumbles to dust.
You feel strangely unstable.
It was a scroll of teleportation.
* * * LOW HITPOINT WARNING * * *
You feel sick.
The orc priest hits you with a +0 hand axe.
You die...

.#################
#......#.........##
#...........†.o...##
#......#..###.###).#
# .#.##..#...#..o#.#
#. #.#..###.###..#.#
...#...#.#o#.#.#.#.#
#...###[###.###o.#
o....#.#.#.#.#.#@.##
####.#..###.###..##
#.#...#...#..##
#..###.###..##
..#......÷...#
....########...#
....# ###...###
....# #...### ....#
#.###


You could see an orc priest.

Vanquished Creatures
  Sigmund (D:3)
  An ogre (D:5)
  4 iguanas
  An orc wizard (D:5)
  13 gnolls
  7 adders
  A shadow imp (D:5)
  2 ufetubi
  A worm (D:5)
  A dart slug (D:2)
  4 orcs
  3 endoplasms
  2 giant cockroaches
  5 goblins
  10 hobgoblins
  4 jackals
  A quokka (D:1)
  4 ball pythons
  8 bats
  6 frilled lizards
  10 kobolds
  8 rats
97 creatures vanquished.

Notes
Turn   | Place    | Note
-------+----------+-------------------------------------------
     0 | D:1      | kingofthe the Octopode Conjurer began the quest for the
                  | Orb.
     0 | D:1      | Reached XP level 1. HP: 11/11 MP: 3/3
   227 | D:1      | Reached XP level 2. HP: 17/17 MP: 3/5
   311 | D:1      | Learned a level 2 spell: Searing Ray
   664 | D:1      | Found Vonkie's Distillery.
   667 | D:1      | You are sucked into a shaft and drop 1 floor!
   846 | D:2      | Reached XP level 3. HP: 18/21 MP: 2/6
  1251 | D:2      | Found a runed translucent door.
  1252 | D:2      | Noticed Crazy Yiuf
  1903 | D:1      | Bought a potion of heal wounds for 60 gold pieces
  1991 | D:1      | Reached XP level 4. HP: 27/27 MP: 2/8
  2882 | D:3      | Found a shimmering altar of Xom.
  3112 | D:3      | Noticed Sigmund
  3118 | D:3      | Killed Sigmund
  3119 | D:3      | Reached XP level 5. HP: 20/31 MP: 0/10
  3119 | D:3      | Reached XP level 6. HP: 24/36 MP: 0/11
  3459 | D:3      | Found an opulent altar of Gozag.
  4554 | D:5      | Entered Level 5 of the Dungeon
  4706 | D:5      | Reached XP level 7. HP: 41/41 MP: 4/13
  4785 | D:5      | Reached skill level 5 in Conjurations
  4857 | D:5      | Reached skill level 5 in Stealth
  5576 | D:5      | HP: 2/41 [poisoned by an orc wizard]
  5581 | D:5      | Slain by an orc priest

Illustrated notes

Levels and vault maps discovered:
D:1:      lightli_arrival_statuegarden, layout_loops_corners, serial_shops,
          nicolae_diamond_shop
D:2:      layout_loops_ring, minmay_ruptured, uniq_crazy_yiuf_cottage
D:3:      layout_basic, mainiacjoe_overflow_swirl, minivault_23, uniq_sigmund
D:4:      layout_basic
D:5:      layout_rooms, minmay_manual_mail

Skill      XL: |  1  2  3  4  5  6  7 |
---------------+----------------------+-----
Stealth        | 3 4 5 |  5.2
Dodging        | 3 4 |  4.9
Spellcasting   | 3 4 |  4.6
Conjurations   | 5 |  5.1

Action                     |  1- 3 |  4- 6 |  7- 9 || total
---------------------------+-------+-------+-------++-------
  Melee: Dagger            |     1 |       |     2 ||     3
         Constrict         |       |       |     1 ||     1
         Tentacles         |       |       |     1 ||     1
   Cast: Magic Dart        |    65 |    57 |    32 ||   154
         Searing Ray       |     4 |    15 |    11 ||    30
    Use: Potion            |       |       |     3 ||     3
         Scroll            |       |       |     2 ||     2
 Armour: Skin              |     1 |       |       ||     1
  Dodge: Dodged            |     7 |    12 |    10 ||    29

Table legend: (Time is in decaauts)
 A = Elapsed time spent in this place.
 B = Non-inter-level travel time spent in this place.
 C = Inter-level travel time spent in this place.
 D = Time resting spent in this place.
 E = Time spent auto-exploring this place.
 F = Levels seen in this place.
 G = Mean time per level.
                   A        B        C        D        E       F      G
               +--------+--------+--------+--------+--------+-----+--------+
         Total |   5583 |   5299 |    284 |    594 |   4092 |   5 | 1116.6 |
       Dungeon |   5583 |   5299 |    284 |    594 |   4092 |   5 | 1116.6 |
               +--------+--------+--------+--------+--------+-----+--------+

Top non-repeatable levels by time:
     D:1: 1301 daAuts
     D:2: 1251 daAuts
     D:3: 1167 daAuts
     D:4: 1146 daAuts
     D:5: 717 daAuts
